 Dungeon Crawl Stone Soup version 0.23.1 (webtiles) character file.

Game seed: 5599767137650127705

189 Chiseanne the Covert (level 5, 0/25 HPs)
             Began as a Spriggan Assassin on Mar 7, 2019.
             Slain by a kobold (3 damage)
             ... on level 3 of the Dungeon.
             The game lasted 00:05:49 (2268 turns).

Chiseanne the Covert (Spriggan Assassin)            Turns: 2268, Time: 00:05:50

Health: 0/25       AC:  3    Str:  7    XL:     5   Next: 40%
Magic:  6/6        EV: 19    Int: 13    God:
Gold:   57         SH:  0    Dex: 18    Spells: 4/4 levels left

rFire    . . .     SeeInvis +   s - +1 quarterstaff (protect)
rCold    . . .     Gourm    .   (shield currently unavailable)
rNeg     . . .     Faith    .   c - +0 robe
rPois    .         Spirit   .   (helmet restricted)
rElec    .         Reflect  .   d - +0 cloak
rCorr    .         Harm     .   (gloves unavailable)
MR       .....                  (boots unavailable)
Stlth    ++++......             (no amulet)
HPRegen  0.08/turn              l - ring of flight
MPRegen  0.10/turn              (no ring)

@: very quick
A: very small, unfitting armour, see invisible, herbivore, speed 3, slow
metabolism 2
a: Evoke Flight


You were on level 3 of the Dungeon.
You were not hungry.

You visited 1 branch of the dungeon, and saw 3 of its levels.

You collected 57 gold pieces.

Inventory:

Hand Weapons
 a - a +3 dagger
 b - a +0 blowgun
 s - a +1 quarterstaff of protection (weapon)
 t - a +2 dagger of distortion
Missiles
 e - 24 poisoned needles
 f - 2 curare-tipped needles
 h - 50 stones (quivered)
 j - 4 tomahawks
 n - 17 arrows
 p - 71 sling bullets
 u - 27 bolts
Armour
 c - a +0 robe (worn)
 d - a +0 cloak (worn)
Jewellery
 l - a ring of flight (left hand)
Scrolls
 k - 4 scrolls of remove curse
 m - 4 scrolls of teleportation
Potions
 i - a potion of curing {unknown}
 o - 2 potions of haste
 q - a potion of flight
 r - a potion of brilliance
Comestibles
 g - 4 rations


   Skills:
 - Level 1.5 Fighting
 + Level 3.6 Short Blades
 - Level 2.0 Throwing
 + Level 3.9 Dodging
 * Level 8.4 Stealth


You had 4 spell levels left.
You didn't know any spells.
Your spell library was empty.

Dungeon Overview and Level Annotations

Branches:
Dungeon (3/15)

Altars:
Trog


Innate Abilities, Weirdness & Mutations

You are very small and have problems with some larger weapons.
You are too small for most types of armour.
You have supernaturally acute eyesight. (SInv)
You are a herbivore.
You cover ground extremely quickly.
You need to consume almost no food.


Message History

The big kobold is moderately wounded.
The big kobold hits you but does no damage.
You barely miss the big kobold.
The big kobold is moderately wounded.
The big kobold hits you but does no damage.
You hit the big kobold.
Your weapon exudes an aura of protection.
The big kobold is heavily wounded.
The big kobold barely misses you. x2
You barely miss the big kobold.
The big kobold is heavily wounded.
The big kobold hits you with a +0 short sword!
* * * LOW HITPOINT WARNING * * *
Found 15 gold pieces.
A kobold comes into view. It is wielding a +0 whip.
You open the door.
A kobold comes into view.
The kobold shouts!
The kobold hits you.
You die...

#.......# #.#
#†.....# #....$..#
#.# #......#
#######.## #.#
#...^..# #.....#
#.# #......#
#....r# #.#
#......# #.....##
#.# ########
#....K.## #.#
$.........# #K#
..........####@####
..........#.......#
..................#
........$.........#
##########........#
#.###+#### #.. ##.
.#


You could see a kobold.

Vanquished Creatures
  Jessica (D:2)
  Natasha (thrice) (D:2)
  Robin (D:1)
  2 adders (D:2)
  A dart slug (D:2)
  A ball python (D:2)
  3 giant cockroaches
  7 hobgoblins
  4 jackals (D:2)
  9 bats
  A frilled lizard (D:2)
  13 goblins
  7 kobolds
  8 rats
61 creatures vanquished.

Notes
Turn   | Place    | Note
-------+----------+-------------------------------------------
     0 | D:1      | Chiseanne the Spriggan Assassin began the quest for the
                  | Orb.
     0 | D:1      | Reached XP level 1. HP: 10/10 MP: 2/2
    34 | D:1      | Reached skill level 6 in Stealth
   300 | D:1      | Reached XP level 2. HP: 14/14 MP: 3/3
   806 | D:2      | Noticed Robin
  1154 | D:1      | Killed Robin
  1154 | D:1      | Reached XP level 3. HP: 12/18 MP: 4/4
  1374 | D:2      | Reached skill level 7 in Stealth
  1498 | D:2      | Noticed Natasha
  1510 | D:2      | Killed Natasha
  1510 | D:2      | Reached XP level 4. HP: 20/22 MP: 5/5
  1523 | D:2      | Noticed Natasha
  1545 | D:2      | Killed Natasha
  1588 | D:2      | Found a bloodstained altar of Trog.
  1995 | D:2      | Noticed Jessica
  2002 | D:2      | Killed Jessica
  2002 | D:2      | Reached skill level 8 in Stealth
  2002 | D:2      | Reached XP level 5. HP: 25/25 MP: 6/6
  2050 | D:2      | Noticed Natasha
  2068 | D:2      | Killed Natasha
  2217 | D:3      | Found a faded altar of an unknown god.
  2268 | D:3      | Slain by a kobold

Skill      XL: |  1  2  3  4 |
---------------+-------------+-----
Stealth        | 6 7 8 |  8.4
Dodging        | 2 3 |  3.9
Short Blades   | 3 |  3.6
Fighting       | |  1.5
Throwing       | |  2.0

Action                   |  1- 3 |  4- 6 || total
-------------------------+-------+-------++-------
Melee: Dagger            |   112 |   119 ||   231
       Quarterstaff      |       |     4 ||     4
  Use: Scroll            |     5 |     4 ||     9
 Stab: Sleeping          |     5 |     5 ||    10
Armor: Robe              |    11 |    22 ||    33
Dodge: Dodged            |    51 |   121 ||   172
